 Dungeon Crawl Stone Soup version 0.21.0-24-g2553a33 (webtiles) character file.

6465 Mgcat the Protected (level 10, 0/92 HPs)
             Began as a Minotaur Fighter on Jan 19, 2018.
             Was a Priest of Yredelemnul.
             Slain by a two-headed ogre
             ... wielding a +0 giant spiked club
              (3 damage)
             ... on level 7 of the Dungeon.
             The game lasted 00:22:11 (9830 turns).

Mgcat the Protected (Minotaur Fighter)              Turns: 9830, Time: 00:22:13

Health: 0/92       AC: 14    Str: 21    XL:     10   Next: 68%
Magic:  0/13       EV:  6    Int:  5    God:    Yredelemnul [***...]
Gold:   346        SH:  8    Dex: 13    Spells: 9/9 levels left

rFire    . . .     SeeInvis .   E - +3 hand axe (venom)
rCold    . . .     Gourm    .   u - +2 buckler
rNeg     . . .     Faith    .   x - +0 plate armour
rPois    .         Spirit   +   (helmet restricted)
rElec    .         Reflect  .   (no cloak)
rCorr    .         Harm     .   (no gloves)
MR       .....                  (no boots)
Stlth    ..........             F - amulet of guardian spirit
HPRegen  0.25/turn              (no ring)
MPRegen  0.13/turn              (no ring)

@: lethally poisoned (0 -> -6), about to teleport, drained
A: retaliatory headbutt, horns 2
a: Recall Undead Slaves, Injury Mirror, Animate Dead, Renounce Religion


You were on level 7 of the Dungeon.
You worshipped Yredelemnul.
Yredelemnul was most pleased with you.
You were very hungry.

You visited 1 branch of the dungeon, and saw 8 of its levels.

You collected 346 gold pieces.

Inventory:

Hand Weapons
 a - a +0 war axe
 y - the +6 falchion "Woezuys" {speed, MR+}
   (You took it off a centaur on level 6 of the Dungeon)

   Attacks with this weapon are significantly faster.
   It affects your resistance to hostile enchantments.
 E - a +3 hand axe of venom (weapon)
Armour
 b - a +0 scale mail
 c - a +0 shield
 u - a +2 buckler (worn)
 x - a +0 plate armour (worn)
Jewellery
 d - a +4 ring of intelligence {unknown}
 k - a cursed ring of teleportation {unknown}
 o - a +6 ring of strength {unknown}
 p - a +3 ring of protection {unknown}
 F - an amulet of guardian spirit (around neck)
Wands
 h - a wand of random effects (38)
 n - a wand of iceblast (6)
Scrolls
 e - 5 scrolls of teleportation
 l - 3 scrolls of magic mapping
 s - 2 scrolls of identify
 w - a scroll of remove curse
Potions
 g - a potion of flight
 i - a potion of degeneration
 j - 2 potions of mutation
 m - 3 potions of lignification
 q - a potion of berserk rage {unknown}
 r - a potion of heal wounds {unknown}
 t - 2 potions of agility {unknown}
 v - 2 potions of ambrosia {unknown}
 z - a potion of might
 A - a potion of haste {unknown}
 C - 2 potions of brilliance {unknown}
Books
 D - a book of Misfortune

   Spells                             Type                      Level
   a - Confusing Touch                Hexes                        1
   b - Confuse                        Hexes                        3
   c - Gell's Gravitas                Translocation                3
   d - Petrify                        Transmutation/Earth          4
   e - Metabolic Englaciation         Hexes/Ice                    5
   f - Yara's Violent Unravelling     Hexes/Transmutation          5
Comestibles
 f - 5 rations


   Skills:
 + Level 9.6(9.1) Fighting
 + Level 9.3(8.7) Axes
 + Level 9.7(9.1) Armour
 + Level 9.6(9.0) Shields
 + Level 6.5(5.9) Invocations


You had 9 spell levels left.
You didn't know any spells.

Dungeon Overview and Level Annotations

Branches:
Dungeon (8/15)             Temple (0/1) D:4            Lair (0/6) D:8

Altars:
Dithmenos
Makhleb
Nemelex Xobeh
Okawaru
Ru
Trog
Yredelemnul


Innate Abilities, Weirdness & Mutations

You reflexively headbutt those who attack you in melee.
You have a pair of horns on your head.


Message History

* * * LOW HITPOINT WARNING * * *
You block the killer bee's attack.
You climb upwards.
You feel sick.
There is a stone staircase leading down here.
Unknown command.
Unknown command.
Unknown command.
Unknown command.
Unknown command.
Unknown command.
Unknown command.
As you read the scroll of teleportation, it crumbles to dust.
You feel strangely unstable. The killer bee stings you.
* * * LOW HITPOINT WARNING * * *
You are lethally poisoned!
The killer bee poisons you!
The worker ant bites you but does no damage.
The two-headed ogre hits you with a giant spiked club.
You die...
Your body rises from the dead as a mindless zombie.

...Z..# #...#..#.####....# #..).
......#
#...#............####...)
......#
#...##.#.#####......Z.[..
......####.###...###
#....####.##
#........Z.##......###....##.#.#
#############.#..#.##........#.#
#....#.##._..###.#.#
#..Oa..............#
#..y@#.###...###.###
#..#Z#.......Z...#
#..#.##########Z.# #..#.# #..#
#..#.# #Z.# #..#.# #Z.# ####.#
#..# #.# #.Z# #.# #..####


You could see a two-headed ogre, a worker ant, a killer bee and a friendly orc
zombie.

Vanquished Creatures
  2 two-headed ogres
  An elephant (D:8)
  3 hippogriffs
  3 ice beasts
  A black bear (D:7)
  3 sky beasts
  An orc warrior (D:7)
  2 phantoms
  A necrophage (D:6)
  3 centaurs
  3 ogres
  The ghost of Thaneod the Skirmisher, an amateur GrTm (D:3)
  2 crocodiles (D:8)
  3 bullfrogs (D:7)
  A big kobold (D:7)
  A gnoll sergeant (D:4)
  A water moccasin zombie (D:5)
  4 killer bees
  4 scorpions
  A water moccasin skeleton (D:4)
  2 wights
  2 bullfrog zombies
  2 howler monkeys
  3 crimson imps
  A jelly (D:7)
  3 orc priests
  3 hounds
  12 orc wizards
  A centaur skeleton (D:4)
  An iguana (D:6)
  Natasha (thrice) (D:2)
  5 worker ants
  4 hound skeletons
  A worker ant zombie (D:6)
  Robin (D:2)
  3 gnolls (D:4)
  A howler monkey skeleton (D:7)
  7 adders
  An ooze (D:5)
  An adder zombie (D:5)
  3 adder skeletons
  8 worms
  2 dart slugs (D:1)
  7 leopard geckos
  25 orcs
  A ball python (D:5)
  3 giant cockroaches
  20 goblins
  13 hobgoblins
  3 jackals (D:3)
  13 kobolds
  4 quokkas
  4 bats
  5 frilled lizards
  A jackal skeleton (D:5)
  2 leopard gecko skeletons
  9 rats
221 creatures vanquished.

Vanquished Creatures (collateral kills)
  The ghost of Thaneod the Chopper, a novice GrTm (D:6)
  An ice beast (D:8)
  2 centaurs (D:6)
  A scorpion (D:5)
  A killer bee (D:7)
  A wight (D:7)
  A crimson imp (D:7)
  An orc wizard (D:5)
  A gnoll (D:4)
  A howler monkey skeleton (D:5)
  An adder (D:5)
  An orc (D:4)
  A frilled lizard (D:5)
  A quokka skeleton (D:4)
15 creatures vanquished.

Vanquished Creatures (others)
  2 crocodile zombies (D:8)
  2 ogre zombies
  A hound zombie (D:8)
  An adder zombie (D:4)
  2 gnoll zombies (D:4)
  2 leopard gecko zombies
  4 orc zombies
  A quokka zombie (D:8)
15 creatures vanquished.

Grand Total: 251 creatures vanquished

Notes
Turn   | Place    | Note
-------+----------+-------------------------------------------
     0 | D:1      | Mgcat the Minotaur Fighter began the quest for the Orb.
     0 | D:1      | Reached XP level 1. HP: 19/19 MP: 0/0
   137 | D:1      | Reached XP level 2. HP: 23/27 MP: 1/1
   490 | D:2      | Reached XP level 3. HP: 25/33 MP: 2/2
   569 | D:2      | Noticed Robin
   587 | D:2      | Killed Robin
   998 | D:2      | Reached XP level 4. HP: 41/41 MP: 3/3
  1164 | D:2      | Noticed Natasha
  1175 | D:2      | Killed Natasha
  1392 | D:2      | Found a sacrificial altar of Ru.
  1872 | D:2      | Noticed Natasha
  1880 | D:2      | Killed Natasha
  1880 | D:2      | Reached XP level 5. HP: 34/47 MP: 4/4
  1970 | D:2      | Noticed Natasha
  1975 | D:2      | Killed Natasha
  2173 | D:3      | Noticed Thaneod's ghost (amateur GrTm)
  2181 | D:3      | Killed Thaneod's ghost
  2181 | D:3      | Reached skill level 5 in Fighting
  2181 | D:3      | Reached skill level 5 in Armour
  2181 | D:3      | Reached skill level 5 in Shields
  2333 | D:3      | Reached XP level 6. HP: 55/56 MP: 5/5
  2928 | D:3      | Found a faded altar of an unknown god.
  2989 | D:3      | Became a worshipper of Yredelemnul the Dark
  2989 | D:3      | Reached * piety under Yredelemnul
  3518 | D:2      | Found a sacrificial altar of Ru.
  3849 | D:4      | Reached skill level 1 in Invocations
  3858 | D:4      | Reached skill level 5 in Axes
  3858 | D:4      | Reached XP level 7. HP: 26/61 MP: 3/6
  4192 | D:4      | Found a staircase to the Ecumenical Temple.
  5220 | D:5      | Entered Level 5 of the Dungeon
  5225 | D:5      | Reached ** piety under Yredelemnul
  5612 | D:5      | Reached XP level 8. HP: 71/71 MP: 8/8
  6034 | D:5      | Found a sparkling altar of Nemelex Xobeh.
  6321 | D:6      | Noticed a two-headed ogre
  6326 | D:6      | Killed a two-headed ogre
  6326 | D:6      | Reached XP level 9. HP: 51/79 MP: 9/11
  6336 | D:6      | Found an iron altar of Okawaru.
  6714 | D:6      | Noticed Thaneod's ghost (novice GrTm)
  6727 | D:6      | Killed Thaneod's ghost
  7049 | D:6      | Found a shadowy altar of Dithmenos.
  7141 | D:6      | Found a burning altar of Makhleb.
  7146 | D:6      | Reached skill level 5 in Invocations
  7247 | D:6      | Got an ichor-stained falchion {speed}
  7248 | D:6      | Identified the +6 falchion "Woezuys" {speed, MR+} (You took it off a centaur on level 6 of the Dungeon)
  8177 | D:7      | Found a bloodstained altar of Trog.
  8284 | D:7      | Reached XP level 10. HP: 64/90 MP: 13/13
  9068 | D:8      | Found a staircase to the Lair.
  9068 | D:8      | Noticed an elephant
  9092 | D:8      | Reached *** piety under Yredelemnul
  9097 | D:8      | Killed an elephant
  9386 | D:8      | Noticed a two-headed ogre
  9395 | D:8      | Noticed a two-headed ogre
  9781 | D:8      | Killed a two-headed ogre
  9830 | D:7      | HP: 3/92 [killer bee (2)]
  9830 | D:7      | Slain by a two-headed ogre

Skill      XL: |  1  2  3  4  5  6  7  8  9 10 |
---------------+-------------------------------+-----
Armour         | 4 5 6 7 8 9 |  9.7
Fighting       | 4 5 6 7 8 9 |  9.6
Axes           | 3 4 5 7 8 9 |  9.3
Shields        | 4 5 6 7 8 9 |  9.6
Invocations    | 1 2 4 5 6 |  6.5

Action                   |  1- 3 |  4- 6 |  7- 9 | 10-12 || total
-------------------------+-------+-------+-------+-------++-------
Melee: War axe           |    77 |   152 |   228 |       ||   457
       Headbutt          |    11 |    25 |    62 |    25 ||   123
       Falchion          |       |       |    82 |     6 ||    88
       Hand axe          |       |       |       |   133 ||   133
Invok: Animate Remains   |       |     1 |    15 |     2 ||    18
       Injury Mirror     |       |       |     2 |       ||     2
       Recall Undead Sla |       |       |     2 |       ||     2
       Animate Dead      |       |       |       |     3 ||     3
  Use: Potion            |       |     1 |       |       ||     1
       Scroll            |       |       |       |    13 ||    13
  Eat: Chunk             |       |     8 |    14 |     2 ||    24
       Ration            |       |       |     2 |     1 ||     3
Armor: Scale mail        |    40 |    58 |    14 |       ||   112
       Plate armour      |       |       |   132 |   103 ||   235
Dodge: Dodged            |    18 |    41 |    56 |    43 ||   158
Block: Shield            |    45 |    73 |    24 |       ||   142
       Buckler           |       |       |   102 |    74 ||   176
       Rpst.: Falchion   |       |       |       |     1 ||     1
